AoeStats
← 有个小草

Arena

510564351Analyzed
4v4 RM · 2d ago on Oct 1, 2026· 34m 10s· 8 players
Game mode
Random Map
Map size
Large (8 player)
Population
200
Speed
Normal
Resources
Standard
Victory
Conquest
Starting age
Dark Age
Ending age
Imperial Age
RankedLock teamsTeams togetherTeam positionsShared explorationLock speedFull tech treeHidden civsTurbo modeCheats
Victory
Defeat
🇪🇸 Mongols · Spain
1334
+12
🇵🇪 Turks · Peru
1311
+13
🇺🇸 Vikings · United States
1305
+13
🇺🇸 Spanish · United States
1284
+13
🇹🇷 Byzantines · Türkiye
1283
-16
🇨🇳 Britons · China
1247
-13
🇩🇪 Persians · Germany
1229
-12
🇹🇷 Poles · Türkiye
1177
-10
Slayer
9:58 Feudal Age
14:01 Castle Age
11:50 Double-Bit Axe
12:55 Horse Collar
14:46 Loom
17:03 Bow Saw
25:38 Scale Mail Armor
27:08 Squires
27:26 Chain Mail Armor
28:10 Forging
27:49 Arson
30:08 Iron Casting
37:08 Imperial Age
Mike_Tango
9:31 Feudal Age
11:13 Double-Bit Axe
14:02 Castle Age
11:52 Double-Bit Axe
12:50 Horse Collar
16:30 Bow Saw
16:22 Loom
19:08 Wheelbarrow
21:27 Hand Cart
21:58 Gold Mining
22:00 Stone Mining
23:07 Heavy Plow
24:12 Stone Shaft Mining
28:31 Imperial Age
26:56 Gold Shaft Mining
27:10 Ballistics
26:42 Fletching
26:53 Padded Archer Armor
27:01 Thumb Ring
28:24 Bodkin Arrow
29:46 Parthian Tactics
29:25 Bracer
31:21 Chemistry
31:14 Leather Archer Armor
30:37 Heavy Cavalry Archer
33:16 Conscription
33:11 Husbandry
33:29 Bloodlines
JTK
11:01 Feudal Age
9:17 Loom
14:29 Castle Age
25:25 Imperial Age
25:07 Double-Bit Axe
28:07 Horse Collar
Embers1000
10:02 Feudal Age
13:48 Castle Age
12:29 Double-Bit Axe
12:45 Loom
13:20 Horse Collar
15:01 Bow Saw
20:41 Padded Archer Armor
21:38 Leather Archer Armor
22:27 Gold Mining
22:28 Stone Mining
24:53 Wheelbarrow
24:43 Scale Mail Armor
25:20 Fletching
27:27 Hand Cart
27:29 Stone Mining
28:07 Town Watch
28:25 Heavy Plow
fastgg
9:19 Feudal Age
13:23 Castle Age
11:20 Horse Collar
11:48 Double-Bit Axe
14:10 Bow Saw
20:57 Scale Barding Armor
21:02 Forging
22:01 Wheelbarrow
22:16 Bloodlines
22:07 Husbandry
22:57 Chain Barding Armor
yavuzaltnsk
11:16 Feudal Age
15:24 Castle Age
13:35 Loom
13:55 Double-Bit Axe
14:10 Horse Collar
16:42 Fletching
19:38 Elite Skirmisher
30:38 Imperial Age
29:27 Ballistics
31:26 Thumb Ring
33:14 Padded Archer Armor
anil.avsar
3:33 Loom
10:59 Feudal Age
15:40 Castle Age
13:58 Double-Bit Axe
14:06 Horse Collar
16:51 Heavy Plow
17:37 Wheelbarrow
28:52 Imperial Age
27:17 Scale Barding Armor
27:25 Szlachta Privileges
28:18 Chain Barding Armor
28:09 Forging
27:29 Light Cavalry
28:22 Bloodlines
28:12 Husbandry
29:21 Town Watch
28:59 Cavalier
30:05 Conscription
30:05 Hand Cart
31:17 Iron Casting
31:18 Crop Rotation
32:58 Blast Furnace
32:05 Gold Mining
有个小草
10:06 Feudal Age
11:24 Double-Bit Axe
13:45 Castle Age
12:28 Horse Collar
16:32 Heavy Plow
Connection lost

Rejoining the realm…

Still unreachable

The connection could not be restored.

Session expired

The server has moved on; the page needs a fresh start.